Map: Winter's Gate LE

Players

Scarlett - Winner!

  • Race: Zerg Zerg
  • Spawn Location: 5:00

JimRising

  • Race: Zerg Zerg
  • League: Grandmaster
  • Spawn Location: 11:00

Event: NationWars 2019

VOD

Have the link to the VOD?

Description

Time

  • Played on: Oct. 5, 2019, 3:53 p.m.
  • Length: 2:51
Show
View Real Time Build Order
Export as new Build Order

Scarlett Zerg - Winner!

Build Orders: Pool Only 

Get SALT Encoding   

  12  0:16  Spawning Pool  
  11  0:22  Drone  
  11  0:26  Drone  
  13  0:30  Drone  
  14  0:40  Overlord  
  14  1:03  Zergling x4  
  16  1:05  Zergling x2  
  17  1:18  Zergling x2  
  18  1:27  Zergling x2  
  19  1:37  Zergling x2  
  20  1:50  Zergling x2  
  21  1:57  Spine Crawler  
  21  1:58  Spine Crawler  
  19  2:01  Spine Crawler  
  18  2:18  Zergling x2  
Show
View Real Time Build Order
Export as new Build Order

JimRising Zerg 

Build Orders: Hatch First 

Get SALT Encoding   

  12  0:00  Drone  
  13  0:12  Overlord  
  13  0:17  Drone  
  14  0:30  Drone x2  
  16  0:48  Hatchery  
  15  0:51  Drone  
  15  0:54  Drone  
  17  0:58  Drone  
  18  1:05  Extractor  
  17  1:17  Drone  
  17  1:18  Spawning Pool  
  17  1:20  Drone  
  18  1:30  Drone  
  19  1:39  Overlord  
  19  2:04  Queen  
  19  2:05  Zergling x6  
  22  2:11  Zergling x2  
  22  2:12  Zergling x2  
Tags
 
Add a new tag
Caveats
  • Supply blocks, unpowered buildings, or Contaminate may cause inaccurate times.
  • Supply counts are checked every 10 seconds.